TOP OF THE 1ST |
Arkansas Travelers batting - Pitching for Akron RubberDucks : RHP Ferdi Schipper
|
Pitching: RHP Ferdi Schipper
|
|
Batting: LHB Larry Prey
|
0-0: Foul Ball, location: 2F 0-1: Foul Ball, location: 2F 0-2: Strikes out swinging
|
Batting: LHB Barrfhionn O'Toole
|
0-0: Swinging Strike 0-1: Fly out, F8 (Flyball, 8LM, EV 89.4 MPH)
|
Batting: LHB Mark Reeg
|
0-0: DOUBLE (Line Drive, 89D, EV 107.5 MPH)
|
Batting: SHB Mario Padron
|
0-0: Ball 1-0: Ball 2-0: Ball 3-0: Called Strike 3-1: Foul Ball, location: 2F 3-2: Base on Balls
|
Batting: RHB Juan Montez
|
0-0: Ball 1-0: Called Strike 1-1: Called Strike 1-2: Hit by Pitch Mark Reeg to third Mario Padron to second
|
Batting: LHB Justin Balthazor
|
0-0: Foul Ball, location: 2F 0-1: Ball 1-1: Foul Ball, location: 2F 1-2: Ball 2-2: Strikes out swinging
|
Top of the 1st over - 0 runs, 1 hit, 0 errors, 3 left on base; Arkansas 0 - Akron 0 |
BOTTOM OF THE 1ST |
Akron RubberDucks batting - Pitching for Arkansas Travelers : RHP Chris Russell
|
Pitching: RHP Chris Russell
|
|
Batting: LHB Robby Dann
|
0-0: Called Strike 0-1: Ball 1-1: SINGLE (Line Drive, 9LM, EV 110.0 MPH)
|
Batting: RHB Mitch Boyd
|
0-0: Called Strike Balk! Robby Dann to second 0-1: Ball 1-1: Ball 2-1: Foul Ball, location: 2F 2-2: Ball 3-2: Foul Ball, location: 2F 3-2: Ground out 4-3 (Groundball, 4, EV 87.5 MPH) Robby Dann to third
|
Batting: SHB Valentin Laporte
|
0-0: Called Strike 0-1: Ball 1-1: TRIPLE (Line Drive, 78XD, EV 96.9 MPH) Robby Dann scores
|
Batting: RHB Tristan Wright
|
0-0: Ball 1-0: Ball 2-0: Swinging Strike 2-1: Foul Ball, location: 2F 2-2: Ball 3-2: Strikes out swinging
|
Batting: LHB Esteban Cordova
|
0-0: Ball 1-0: Ball 2-0: Ball 3-0: Base on Balls
|
Batting: RHB Justin Lauderdale
|
0-0: Called Strike 0-1: Called Strike 0-2: Foul Ball, location: 2F 0-2: Strikes out swinging
|
Bottom of the 1st over - 1 run, 2 hits, 0 errors, 2 left on base; Arkansas 0 - Akron 1 |
TOP OF THE 2ND |
Arkansas Travelers batting - Pitching for Akron RubberDucks : RHP Ferdi Schipper
|
Batting: RHB Timoleon Tsikouna
|
0-0: Swinging Strike 0-1: Ball 1-1: Swinging Strike 1-2: Ball 2-2: Foul Ball, location: 2F 2-2: Strikes out swinging
|
Batting: RHB Juan Rosa
|
0-0: Called Strike 0-1: Foul Ball, location: 2F 0-2: Ball 1-2: Strikes out swinging
|
Batting: RHB Danny Bjarnson
|
0-0: Ball 1-0: Fly out, F8 (Flyball, 89M, EV 81.2 MPH)
|
Top of the 2nd over - 0 runs, 0 hits, 0 errors, 0 left on base; Arkansas 0 - Akron 1 |
BOTTOM OF THE 2ND |
Akron RubberDucks batting - Pitching for Arkansas Travelers : RHP Chris Russell
|
Batting: RHB Charles Marcel
|
0-0: SINGLE (Groundball, 56D, EV 97.5 MPH)
|
Batting: RHB Joeri Plas
|
0-0: Ball 1-0: Called Strike Charles Marcel steals 2nd base 1-1: Called Strike 1-2: Strikes out swinging, 2-3 out at first.
|
Batting: RHB George Wagner
|
0-0: Ball 1-0: Foul Ball, location: 2F 1-1: Foul Ball, location: 2F 1-2: Foul Ball, location: 2F 1-2: Foul Ball, location: 2F 1-2: SINGLE (Groundball, 34D, EV 98.8 MPH) Charles Marcel to third Runner from 3rd tries for Home, throw by RF and OUT! 9-2
|
Batting: LHB Robby Dann
|
0-0: Ball 1-0: Called Strike 1-1: Ball 2-1: Ball 3-1: SINGLE (Line Drive, 56D, EV 105.0 MPH) George Wagner to second
|
Batting: RHB Mitch Boyd
|
0-0: Fielders Choice at 2nd, 6-4 (Groundball, 6, EV 96.2 MPH)
|
Bottom of the 2nd over - 0 runs, 3 hits, 0 errors, 2 left on base; Arkansas 0 - Akron 1 |
TOP OF THE 3RD |
Arkansas Travelers batting - Pitching for Akron RubberDucks : RHP Ferdi Schipper
|
Batting: LHB Larry Prey
|
0-0: Ball 1-0: Foul Ball, location: 2F 1-1: Ball 2-1: Fly out, F9 (Flyball, 9, EV 89.4 MPH)
|
Batting: LHB Barrfhionn O'Toole
|
0-0: Ball 1-0: Ground out 4-3 (Groundball, 34, EV 86.9 MPH)
|
Batting: LHB Mark Reeg
|
0-0: Called Strike 0-1: Hit by Pitch
|
Batting: SHB Mario Padron
|
0-0: Called Strike 0-1: Ball 1-1: Fly out, F8 (Flyball, 8RD, EV 90.0 MPH)
|
Top of the 3rd over - 0 runs, 0 hits, 0 errors, 1 left on base; Arkansas 0 - Akron 1 |
BOTTOM OF THE 3RD |
Akron RubberDucks batting - Pitching for Arkansas Travelers : RHP Chris Russell
|
Batting: SHB Valentin Laporte
|
0-0: Ball 1-0: Swinging Strike 1-1: Ball 2-1: Foul Ball, location: 2F 2-2: Foul Ball, location: 2F 2-2: Foul Ball, location: 2F 2-2: Strikes out swinging
|
Batting: RHB Tristan Wright
|
0-0: Ball 1-0: Called Strike 1-1: Ball 2-1: Ball 3-1: Foul Ball, location: 2F 3-2: Base on Balls
|
Batting: LHB Esteban Cordova
|
0-0: Ball 1-0: Ball 2-0: Fly out, F7 (Flyball, 7LM, EV 88.1 MPH)
|
Batting: RHB Justin Lauderdale
|
0-0: Ball Tristan Wright steals 2nd, throwing error, E2 Tristan Wright to third 1-0: Ball 2-0: Fly out, F7 (Flyball, 7D, EV 92.5 MPH)
|
Bottom of the 3rd over - 0 runs, 0 hits, 1 error, 1 left on base; Arkansas 0 - Akron 1 |
TOP OF THE 4TH |
Arkansas Travelers batting - Pitching for Akron RubberDucks : RHP Ferdi Schipper
|
Batting: RHB Juan Montez
|
0-0: Ball 1-0: Ball 2-0: Called Strike 2-1: DOUBLE (Flyball, 8LXD, EV 97.5 MPH)
|
Batting: LHB Justin Balthazor
|
0-0: Ball 1-0: SINGLE (Line Drive, 56D, EV 98.8 MPH) Juan Montez to third
|
Batting: RHB Timoleon Tsikouna
|
0-0: Called Strike 0-1: Ball 1-1: Swinging Strike 1-2: Strikes out swinging
|
Batting: RHB Juan Rosa
|
0-0: Ball 1-0: Swinging Strike 1-1: Ball 2-1: Foul Ball, location: 2F 2-2: Foul Ball, location: 2F 2-2: Ball 3-2: Foul Ball, location: 2F 3-2: Strikes out looking
|
Batting: RHB Danny Bjarnson
|
0-0: Ball 1-0: Called Strike 1-1: Called Strike 1-2: Foul Ball, location: 2F 1-2: Fly out, F4 (Line Drive, 4, EV 71.2 MPH)
|
Top of the 4th over - 0 runs, 2 hits, 0 errors, 2 left on base; Arkansas 0 - Akron 1 |
BOTTOM OF THE 4TH |
Akron RubberDucks batting - Pitching for Arkansas Travelers : RHP Chris Russell
|
Batting: RHB Charles Marcel
|
0-0: Foul Ball, location: 2F 0-1: Foul Ball, location: 2F 0-2: Ball 1-2: Fly out, F7 (Flyball, 7S, EV 93.8 MPH)
|
Batting: RHB Joeri Plas
|
0-0: Ball 1-0: Foul Ball, location: 2F 1-1: Foul Ball, location: 2F 1-2: Fly out, F8 (Flyball, 78M, EV 71.2 MPH)
|
Batting: RHB George Wagner
|
0-0: Called Strike 0-1: Called Strike 0-2: DOUBLE (Flyball, 8RXD, EV 110.6 MPH)
|
Batting: LHB Robby Dann
|
0-0: Called Strike 0-1: Called Strike 0-2: Ball 1-2: Strikes out looking
|
Bottom of the 4th over - 0 runs, 1 hit, 0 errors, 1 left on base; Arkansas 0 - Akron 1 |
TOP OF THE 5TH |
Arkansas Travelers batting - Pitching for Akron RubberDucks : RHP Ferdi Schipper
|
Batting: LHB Larry Prey
|
0-0: DOUBLE (Line Drive, 9LM, EV 100.6 MPH)
|
Batting: LHB Barrfhionn O'Toole
|
0-0: Called Strike 0-1: Foul Ball, location: 2F 0-2: Ground out 6-3 (Groundball, 6M, EV 85.6 MPH) Larry Prey to third
|
Batting: LHB Mark Reeg
|
0-0: Foul Ball, location: 2F 0-1: Ball 1-1: Ball 2-1: Swinging Strike 2-2: Foul Ball, location: 2F 2-2: Foul Ball, location: 2F 2-2: Foul Ball, location: 2F 2-2: Ball 3-2: Fly out, F9 (Line Drive, 89S, EV 98.8 MPH)
|
Batting: SHB Mario Padron
|
0-0: Ball 1-0: Foul Ball, location: 2F 1-1: Ground out 4-3 (Groundball, 4, EV 77.5 MPH)
|
Top of the 5th over - 0 runs, 1 hit, 0 errors, 1 left on base; Arkansas 0 - Akron 1 |
BOTTOM OF THE 5TH |
Akron RubberDucks batting - Pitching for Arkansas Travelers : RHP Chris Russell
|
Batting: RHB Mitch Boyd
|
0-0: Foul Ball, location: 2F 0-1: Swinging Strike 0-2: Ground out 6-3 (Groundball, 6, EV 78.1 MPH)
|
Batting: SHB Valentin Laporte
|
0-0: Ball 1-0: Called Strike 1-1: Ball 2-1: Ball 3-1: Base on Balls
|
Batting: RHB Tristan Wright
|
0-0: Ball 1-0: Ball 2-0: Fly out, F6 (Popup, 6S, EV 72.5 MPH)
|
Batting: LHB Esteban Cordova
|
0-0: Called Strike 0-1: Foul Ball, location: 2F 0-2: Ball 1-2: Ball 2-2: Ball 3-2: Base on Balls Valentin Laporte to second
|
Batting: RHB Justin Lauderdale
|
0-0: Ball 1-0: Ball 2-0: Fly out, F8 (Line Drive, 8LM, EV 86.9 MPH)
|
Bottom of the 5th over - 0 runs, 0 hits, 0 errors, 2 left on base; Arkansas 0 - Akron 1 |
TOP OF THE 6TH |
Arkansas Travelers batting - Pitching for Akron RubberDucks : RHP Ferdi Schipper
|
Batting: RHB Juan Montez
|
0-0: Called Strike 0-1: Ground out 5-3 (Groundball, 5S, EV 82.5 MPH)
|
Batting: LHB Justin Balthazor
|
0-0: Fly out, F8 (Flyball, 8LM, EV 86.9 MPH)
|
Batting: RHB Timoleon Tsikouna
|
0-0: Foul Ball, location: 2F 0-1: Called Strike 0-2: Strikes out looking
|
Top of the 6th over - 0 runs, 0 hits, 0 errors, 0 left on base; Arkansas 0 - Akron 1 |
BOTTOM OF THE 6TH |
Akron RubberDucks batting - Pitching for Arkansas Travelers : RHP Chris Russell
|
Pitching: LHP Bryan Payne
|
|
Batting: RHB Charles Marcel
|
0-0: Ball 1-0: Ball 2-0: Ball 3-0: Base on Balls
|
Batting: RHB Joeri Plas
|
0-0: Ball 1-0: Called Strike 1-1: Ball 2-1: Fly out, F7 (Flyball, 78S, EV 80.0 MPH)
|
Batting: RHB George Wagner
|
0-0: Ball 1-0: Foul Ball, location: 2F 1-1: Called Strike 1-2: Grounds into double play, 4-6-3 (Groundball, 4, EV 93.1 MPH)
|
Bottom of the 6th over - 0 runs, 0 hits, 0 errors, 0 left on base; Arkansas 0 - Akron 1 |
TOP OF THE 7TH |
Arkansas Travelers batting - Pitching for Akron RubberDucks : RHP Ferdi Schipper
|
Batting: RHB Juan Rosa
|
0-0: Called Strike 0-1: Ball 1-1: Ball 2-1: Ground out 4-3 (Groundball, 34, EV 87.5 MPH)
|
Batting: RHB Danny Bjarnson
|
0-0: Foul Ball, location: 2F 0-1: Ground out 6-3 (Groundball, 6, EV 87.5 MPH)
|
Batting: LHB Larry Prey
|
0-0: Ball 1-0: Ball 2-0: Fly out, F7 (Flyball, 7, EV 77.5 MPH)
|
Top of the 7th over - 0 runs, 0 hits, 0 errors, 0 left on base; Arkansas 0 - Akron 1 |
BOTTOM OF THE 7TH |
Akron RubberDucks batting - Pitching for Arkansas Travelers : LHP Bryan Payne
|
Batting: LHB Robby Dann
|
0-0: Ground out 5-3 (Groundball, 5S, EV 78.1 MPH)
|
Batting: RHB Mitch Boyd
|
0-0: Ball 1-0: Ball 2-0: Called Strike 2-1: Called Strike 2-2: TRIPLE (Flyball, 78XD, EV 89.4 MPH)
|
Batting: SHB Valentin Laporte
|
0-0: 2-RUN HOME RUN (Flyball, 7D, EV 106.2 MPH), Distance : 413 ft
|
Batting: RHB Tristan Wright
|
0-0: SINGLE (Groundball, 4S, EV 70.0 MPH) (infield hit)
|
Batting: LHB Esteban Cordova
|
0-0: Called Strike 0-1: Called Strike Tristan Wright steals 2nd base (no throw) 0-2: Ball Wild Pitch! Tristan Wright to third 1-2: Ball 2-2: Foul Ball, location: 2F 2-2: Ball 3-2: Base on Balls
|
Batting: RHB Justin Lauderdale
|
0-0: Ball 1-0: Ball 2-0: Called Strike 2-1: Ball 3-1: Fly out, F8 (Flyball, 8LM, EV 91.2 MPH) Runner from 3rd tags up, OUT at HOME! 8-2
|
Bottom of the 7th over - 2 runs, 3 hits, 0 errors, 1 left on base; Arkansas 0 - Akron 3 |
TOP OF THE 8TH |
Arkansas Travelers batting - Pitching for Akron RubberDucks : RHP Ferdi Schipper
|
Pitching: RHP Jim Averette
|
|
Now at 2B: Rico Coss
|
|
Batting: LHB Barrfhionn O'Toole
|
0-0: Called Strike 0-1: TRIPLE (Flyball, 89XD, EV 97.5 MPH)
|
Batting: LHB Mark Reeg
|
0-0: SINGLE (Groundball, 56S, EV 73.8 MPH) (infield hit) Barrfhionn O'Toole scores
|
Batting: SHB Mario Padron
|
0-0: Fielders Choice at 2nd, 4-6 (Groundball, 4, EV 85.6 MPH)
|
Batting: RHB Juan Montez
|
0-0: Called Strike 0-1: Ball 1-1: Foul Ball, location: 2F 1-2: Foul Ball, location: 2F 1-2: Ball 2-2: Strikes out looking
|
Batting: LHB Justin Balthazor
|
0-0: Ball 1-0: Called Strike 1-1: Swinging Strike 1-2: Foul Ball, location: 2F 1-2: Foul Ball, location: 2F 1-2: 2-RUN HOME RUN (Flyball, 89XD, EV 96.9 MPH), Distance : 393 ft
|
Pitching: RHP Mike Staley
|
|
Pinch Hitting: LHB Griffin Ferris
|
0-0: Ball 1-0: Swinging Strike 1-1: Foul Ball, location: 2F 1-2: Strikes out swinging
|
Top of the 8th over - 3 runs, 3 hits, 0 errors, 0 left on base; Arkansas 3 - Akron 3 |
BOTTOM OF THE 8TH |
Akron RubberDucks batting - Pitching for Arkansas Travelers : LHP Bryan Payne
|
Pitching: LHP Kyle Worford
|
|
Now at SS: Ryan Pelletier
|
|
Batting: RHB Charles Marcel
|
0-0: Called Strike 0-1: Foul Ball, location: 2F 0-2: Ball 1-2: Strikes out swinging
|
Batting: RHB Joeri Plas
|
0-0: Fly out, F6 (Popup, 15, EV 88.8 MPH)
|
Batting: RHB George Wagner
|
0-0: Called Strike 0-1: Called Strike 0-2: Ball 1-2: Strikes out swinging
|
Bottom of the 8th over - 0 runs, 0 hits, 0 errors, 0 left on base; Arkansas 3 - Akron 3 |
TOP OF THE 9TH |
Arkansas Travelers batting - Pitching for Akron RubberDucks : RHP Mike Staley
|
Batting: RHB Juan Rosa
|
0-0: Called Strike 0-1: SINGLE (Line Drive, 4M, EV 101.2 MPH)
|
Batting: RHB Danny Bjarnson
|
0-0: Ball 1-0: Ground out 5-3 (Groundball, 56S, EV 61.9 MPH) Juan Rosa to second
|
Batting: LHB Larry Prey
|
0-0: Called Strike 0-1: Ball 1-1: Ball 2-1: Ball 3-1: Base on Balls
|
Batting: LHB Barrfhionn O'Toole
|
0-0: Called Strike 0-1: Foul Ball, location: 2F 0-2: Ball 1-2: Foul Ball, location: 2F 1-2: Foul Ball, location: 2F 1-2: Strikes out swinging
|
Batting: LHB Mark Reeg
|
0-0: Called Strike 0-1: Ball 1-1: Ball 2-1: Foul Ball, location: 2F 2-2: Foul Ball, location: 2F 2-2: Fly out, F9 (Flyball, 9, EV 88.1 MPH)
|
Top of the 9th over - 0 runs, 1 hit, 0 errors, 2 left on base; Arkansas 3 - Akron 3 |
BOTTOM OF THE 9TH |
Akron RubberDucks batting - Pitching for Arkansas Travelers : LHP Kyle Worford
|
Pitching: RHP Kody Mason
|
|
Batting: LHB Robby Dann
|
0-0: Ground out 6-3 (Groundball, 6, EV 98.1 MPH)
|
Pinch Hitting: SHB Jarrod Lindblad
|
0-0: Fly out, F8 (Flyball, 89D, EV 103.1 MPH)
|
Batting: RHB Rico Coss
|
0-0: Called Strike 0-1: Ball 1-1: Ball 2-1: Fly out, F8 (Flyball, 8LM, EV 90.6 MPH)
|
Bottom of the 9th over - 0 runs, 0 hits, 0 errors, 0 left on base; Arkansas 3 - Akron 3 |
TOP OF THE 10TH |
Arkansas Travelers batting - Pitching for Akron RubberDucks : RHP Mike Staley
|
Now at 1B: Alex Vasquez
|
|
Now at 2B: Tristan Wright
|
|
Now at SS: Rico Coss
|
|
Batting: SHB Mario Padron
|
0-0: Ball 1-0: Ball 2-0: Called Strike 2-1: Ball 3-1: Base on Balls
|
Batting: RHB Juan Montez
|
0-0: SINGLE (Groundball, 6D, EV 101.9 MPH) Mario Padron to second
|
Batting: LHB Justin Balthazor
|
0-0: Called Strike 0-1: Swinging Strike 0-2: Strikes out swinging
|
Batting: RHB Ryan Pelletier
|
0-0: Called Strike 0-1: Swinging Strike 0-2: Ball 1-2: Strikes out looking
|
Batting: RHB Juan Rosa
|
0-0: Ball 1-0: Called Strike 1-1: Ball 2-1: Foul Ball, location: 2F 2-2: Ball 3-2: Ground out 3-1 (Groundball, 34, EV 86.2 MPH)
|
Top of the 10th over - 0 runs, 1 hit, 0 errors, 2 left on base; Arkansas 3 - Akron 3 |
BOTTOM OF THE 10TH |
Akron RubberDucks batting - Pitching for Arkansas Travelers : RHP Kody Mason
|
Batting: RHB Tristan Wright
|
0-0: Fly out, F9 (Flyball, 9, EV 95.6 MPH)
|
Batting: LHB Esteban Cordova
|
0-0: Called Strike 0-1: Ground out U3 (Groundball, 34S, EV 84.4 MPH)
|
Batting: RHB Justin Lauderdale
|
0-0: Ball 1-0: Ball 2-0: Called Strike 2-1: Ball 3-1: Base on Balls
|
Pitching: LHP Steve McClain
|
|
Batting: RHB Charles Marcel
|
0-0: Ball Justin Lauderdale steals 2nd base 1-0: Ball 2-0: Foul Ball, location: 2F 2-1: Ball 3-1: Foul Ball, location: 2F 3-2: DOUBLE (Groundball, 5L, EV 101.9 MPH) Justin Lauderdale scores
|
Bottom of the 10th over - 1 run, 1 hit, 0 errors, 1 left on base; Arkansas 3 - Akron 4 |
|